 Dungeon Crawl Stone Soup version 0.28.0-53-g5a82cb258f (webtiles) character file.

Game seed: 17825537871784007168

270 cbfl8 the Chopper (level 6, -1/53 HPs)
             Began as a Hill Orc Monk on July 21, 2022.
             Succumbed to a scorpion's poison
             ... on level 6 of the Dungeon.
             The game lasted 00:02:56 (3651 turns).

cbfl8 the Chopper (Hill Orc Monk)                   Turns: 3651, Time: 00:02:56

Health: -1/53      AC:  5    Str: 16    XL:     6   Next: 22%
Magic:  6/6        EV:  7    Int: 10    God:
Gold:   78         SH: 11    Dex: 13    Spells: 5/5 levels left

rFire   . . .      SeeInvis .   s - +0 war axe
rCold   . . .      Faith    .   m - +0 tower shield
rNeg    . . .      Spirit   .   i - +0 ring mail
rPois   .          Reflect  .   (no helmet)
rElec   .          Harm     .   (no cloak)
rCorr   .          Rampage  .   (no gloves)
Will    .....                   (no boots)
Stlth   +.........              (no amulet)
HPRegen 0.17/turn               l - ring of flight
MPRegen 0.10/turn               (no ring)

@: lethally poisoned (-1 -> -12), flying
A: no striking features
a: no special abilities


You were on level 6 of the Dungeon.
You visited 1 branch of the dungeon, and saw 4 of its levels.

You collected 78 gold pieces.

Inventory:

Hand Weapons
 a - a +0 hand axe
 s - a +0 war axe (weapon)
Armour
 b - a +0 robe
 i - a +0 ring mail (worn)
 m - a +0 tower shield (worn)
Jewellery
 l - a ring of flight (left hand)
Scrolls
 c - 2 scrolls of vulnerability {unknown}
 d - a scroll of teleportation {unknown}
 f - a scroll of acquirement {unknown}
 g - a scroll of amnesia {unknown}
 h - 5 scrolls of identify {unknown}
 k - 2 scrolls of fear {unknown}
 o - a scroll of enchant weapon {unknown}
 p - a scroll of fog {unknown}
 r - 2 scrolls of torment {unknown}
Potions
 e - a potion of flight {unknown}
 j - a potion of ambrosia {unknown}


   Skills:
 + Level 4.5 Fighting
 + Level 5.7 Axes
 + Level 2.9 Armour
 + Level 3.2 Dodging
 + Level 2.0 Stealth
 + Level 1.8 Shields


You had 5 spell levels left.
You didn't know any spells.
Your spell library contained the following spells:

 Spells                   Type           Power      Damage    Failure   Level
 Ensorcelled Hibernation  Hex/Ice        0%         N/A       100%        2
 Passwall                 Tmut/Erth      0%         N/A       100%        2
 Gell's Gravitas          Tloc           0%         N/A       100%        3
 Lesser Beckoning         Tloc           0%         N/A       100%        3
 Swiftness                Air            0%         N/A       100%        3
 Teleport Other           Tloc           0%         N/A       100%        3


Dungeon Overview and Level Annotations

Branches:
Dungeon (3/15)

Altars:
Hepliaklqana

Shops:
D:2 [

Annotations:
D:3 2 transporters, dranuc9's ghost, amateur DEFE


Message History

The shaft crumbles and collapses.
A scorpion comes into view.
Found a pair of boots.
You closely miss the scorpion. The scorpion barely misses you.
The scorpion stings you.
You are poisoned.
The scorpion poisons you!
You closely miss the scorpion.
You feel very sick. The scorpion stings you. The scorpion barely misses you.
You completely miss the scorpion.
You feel very sick. You block the scorpion's attack. The scorpion stings you.
You hit the scorpion.
The scorpion is lightly wounded.
You feel sick. You block the scorpion's attack. The scorpion stings you.
You are more poisoned.
The scorpion poisons you!
You slash the scorpion!
The scorpion is severely wounded.
You feel very sick. The scorpion barely misses you. The scorpion stings you.
You are lethally poisoned!
The scorpion poisons you!
You completely miss the scorpion.
The scorpion is severely wounded.
* * * LOW HITPOINT WARNING * * *
You feel extremely sick. You block the scorpion's attack.
The scorpion stings you.
* * * LOW HITPOINT WARNING * * *
You hit the scorpion but do no damage.
The scorpion is severely wounded.
* * * LOW HITPOINT WARNING * * *
You feel very sick. The scorpion stings you.
* * * LOW HITPOINT WARNING * * *
The scorpion stings you but does no damage.
You hit the scorpion.
The scorpion is almost dead.
You die...

..# #.#
#.# #
#[# ##.
##.#
#... ..+
#...##.#
#....s@#
#.######


You could see a scorpion.

Vanquished Creatures
  An ogre (D:3)
  A howler monkey (D:2)
  2 orc wizards
  A hound skeleton (D:2)
  2 adders
  An ufetubus (D:2)
  A dart slug (D:1)
  3 orcs (D:2)
  3 bats
  5 endoplasms
  A giant cockroach (D:3)
  3 goblins
  4 hobgoblins
  4 jackals (D:1)
  4 kobolds
  2 quokkas (D:2)
  8 ball pythons
  2 frilled lizards
  6 rats
54 creatures vanquished.

Notes
Turn   | Place    | Note
-------+----------+-------------------------------------------
     0 | D:1      | cbfl8 the Hill Orc Monk began the quest for the Orb.
     0 | D:1      | Reached XP level 1. HP: 19/19 MP: 1/1
   247 | D:1      | Reached XP level 2. HP: 18/27 MP: 2/2
   853 | D:1      | Reached XP level 3. HP: 26/33 MP: 3/3
  1192 | D:1      | Found a faded altar of an unknown god.
  1520 | D:2      | Reached XP level 4. HP: 33/40 MP: 4/4
  1532 | D:2      | Reached skill level 5 in Axes
  1892 | D:2      | Found Dohaedihy's Antique Armour Shoppe.
  2056 | D:2      | Reached skill level 1 in Armour
  2185 | D:2      | Reached skill level 1 in Shields
  2185 | D:2      | Reached XP level 5. HP: 38/46 MP: 5/5
  2737 | D:3      | Noticed an ogre
  2749 | D:3      | Killed an ogre
  2750 | D:3      | Reached XP level 6. HP: 18/53 MP: 6/6
  2955 | D:3      | Found a transporter.
  2958 | D:3      | Found a transporter.
  2958 | D:3      | Noticed dranuc9's ghost (amateur DEFE)
  3304 | D:3      | Found a faded altar of an unknown god.
  3305 | D:3      | Found a hazy altar of Hepliaklqana.
  3640 | D:3      | You are sucked into a shaft and drop 3 floors!
  3651 | D:6      | Succumbed to a scorpion's poison

Illustrated notes

Levels and vault maps discovered:
D:1:      minmay_arrival_shattered_statue, layout_loops_corners,
          shapermc_ecumenical_altar_venn, minmay_pentomino_t4
D:2:      layout_loops_ring, serial_shops, shop_fountains,
          nicolae_elevator_lobby_plus
D:3:      layout_basic, beargit_hepliaklqana_dungeon_heroes,
          gammafunk_ghost_arena
D:6:      layout_loops_corners, temple_fountains, st_stairs_2, feat_on_display,
          uniq_edmund

Skill      XL: |  1  2  3  4  5 |
---------------+----------------+-----
Dodging        | 3 |  3.2
Fighting       | 4 |  4.5
Axes           | 5 |  5.7
Armour         | 1 2 |  2.9
Shields        | 1 |  1.8
Stealth        | 2 |  2.0

Action                   |  1- 3 |  4- 6 || total
-------------------------+-------+-------++-------
Melee: Hand axe          |    96 |    86 ||   182
       Punch             |     3 |       ||     3
       War axe           |       |    32 ||    32
  Use: Potion            |       |     4 ||     4
 Stab: Sleeping          |     3 |       ||     3
Armor: Robe              |     5 |       ||     5
       Ring mail         |    28 |    36 ||    64
Dodge: Dodged            |    42 |    27 ||    69
Block: Tower shield      |    22 |    60 ||    82
